 Dungeon Crawl Stone Soup version 0.25-a0-1024-gbfbf38f2cb (webtiles) character file.

Game seed: 15605101681986565633, levelgen mode: deterministic

144 Flugslaktarn the Chopper (level 5, -4/37 HPs)
             Began as an Octopode Monk on May 12, 2020.
             Slain by Grinder (9 damage)
             ... while paralysed by Grinder
             ... on level 3 of the Dungeon.
             The game lasted 00:01:05 (2369 turns).

Flugslaktarn the Chopper (Octopode Monk)            Turns: 2369, Time: 00:01:06

Health: -4/37      AC:  1    Str: 10    XL:     5   Next: 27%
Magic:  5/5        EV:  2    Int: 17    God:
Gold:   102        SH:  0    Dex: 14    Spells: 4/4 levels left

rFire    . . .     SeeInvis .   j - +0 glaive (protect)
rCold    . . .     Gourm    .   (shield currently unavailable)
rNeg     . . .     Faith    .   (helmet restricted)
rPois    .         Spirit   .   (no amulet)
rElec    .         Reflect  .   h - +3 ring of intelligence
rCorr    .         Harm     .   (no ring)
MR       .....                  (no ring)
Stlth    +++.......             (no ring)
HPRegen  0.12/turn              (no ring)
MPRegen  0.09/turn              (no ring)
                                (no ring)
                                (no ring)

@: paralysed
A: almost no armour, stealthy swim, amphibious, 8 rings, constrict 8, camouflage
1, gelatinous body 1
a: no special abilities


You were on level 3 of the Dungeon.
You were hungry.

You visited 1 branch of the dungeon, and saw 3 of its levels.

You collected 102 gold pieces.

Inventory:

Hand Weapons
 a - a +0 hand axe
 j - a +0 glaive of protection (weapon)
   (You found it on level 2 of the Dungeon)
Jewellery
 h - a +3 ring of intelligence (left tentacle)
   (You found it on level 2 of the Dungeon)
Scrolls
 b - a scroll of immolation
 d - a scroll of enchant weapon
 i - a scroll of fog
 l - a scroll of enchant armour
 x - 6 scrolls of remove curse
 z - a scroll of blinking
Comestibles
 e - 3 rations


   Skills:
 + Level 3.8 Fighting
 * Level 4.6 Axes
 + Level 3.8 Dodging
 - Level 2.6 Stealth


You had 4 spell levels left.
You didn't know any spells.
Your spell library was empty.

Dungeon Overview and Level Annotations

Branches:
Dungeon (3/15)

Altars:

Annotations:
D:3 Grinder


Innate Abilities, Weirdness & Mutations

You cannot wear most types of armour.
You are very stealthy in the water. (Stealth+)
You are amphibious.
You can wear up to eight rings at the same time.
You can use your tentacles to constrict eight enemies at once.
Your skin changes colour to match your surroundings (Stealth+).
Your rubbery body absorbs attacks. (AC +1, EV +1)


Message History

Grinder hits you!
You writhe in agony.
You barely miss Grinder.
Grinder is lightly wounded.
You constrict Grinder. Grinder hits you.
You writhe in agony.
* * * LOW HITPOINT WARNING * * *
Grinder hits you.
* * * LOW HITPOINT WARNING * * *
You writhe in agony.
* * * LOW HITPOINT WARNING * * *
There are monsters nearby!
There are monsters nearby!
You are too injured to fight recklessly!
You release your grip on Grinder.
Grinder gestures at you.
You suddenly lose the ability to move!
Grinder says, "Don't move a muscle."
Grinder gestures at you.
You shrug off the repeated paralysis!
Grinder hits you!
You die...

#......# ....
#......####.######
#..........<.....#
#.......#......#.#
#........#....###.
#....$............
#..=....##..###.##
#....###....#.#..#
..... #.#†#@[.#..#
..... #.#o5#.#...#
.... #.##.### ...
#.. # .... ..###
#..# #..# ...#


You could see Grinder and an orc.

Vanquished Creatures
  A crimson imp (D:2)
  An orc priest (D:3)
  2 adders (D:2)
  A worm (D:2)
  2 dart slugs (D:2)
  2 leopard geckos
  5 orcs (D:3)
  4 goblins
  10 hobgoblins
  2 jackals (D:2)
  4 kobolds
  2 ball pythons (D:2)
  6 bats
  3 frilled lizards
  8 rats
53 creatures vanquished.

Notes
Turn   | Place    | Note
-------+----------+-------------------------------------------
     0 | D:1      | Flugslaktarn the Octopode Monk began the quest for the Orb.
     0 | D:1      | Reached XP level 1. HP: 16/16 MP: 1/1
   460 | D:1      | Reached XP level 2. HP: 21/21 MP: 2/2
   995 | D:1      | Reached XP level 3. HP: 26/26 MP: 3/3
  1867 | D:2      | Reached skill level 4 in Axes
  1867 | D:2      | Reached XP level 4. HP: 25/31 MP: 4/4
  2359 | D:3      | Reached XP level 5. HP: 30/37 MP: 5/5
  2361 | D:3      | Noticed Grinder
  2366 | D:3      | Paralysed by Grinder for 4 turns
  2369 | D:3      | Slain by Grinder

Illustrated notes

Levels and vault maps discovered:
D:1:      wander_arrival_lonely_grave, layout_basic, serial_curves,
          eino_curves_01, eino_curves_04, minmay_tetromino_i4
D:2:      layout_loops_cross
D:3:      layout_basic, ebering_ghost_disaster_area, grunt_decor_one_mirror,
          uniq_grinder

Skill      XL: |  1  2  3 |
---------------+----------+-----
Axes           | 4 |  4.6
Fighting       | |  3.8
Dodging        | |  3.8
Stealth        | |  2.6

Action                   |  1- 3 |  4- 6 || total
-------------------------+-------+-------++-------
Melee: Hand axe          |    58 |       ||    58
       Constrict         |    22 |     9 ||    31
       Tentacles         |     7 |     4 ||    11
       Glaive            |     9 |    41 ||    50
  Use: Scroll            |       |     6 ||     6
 Stab: Sleeping          |    13 |     3 ||    16
  Eat: Chunk             |     3 |     1 ||     4
Armor: Skin              |    11 |     7 ||    18
Dodge: Dodged            |    36 |    33 ||    69

Table legend:
 A = Non-vault XP
 B = Vault XP
 C = Vault XP percentage of total XP
 D = Non-vault monster count
 E = Vault monster count
 F = Vault count percentage of total count
                 A         B        C        D         E       F
            +---------+---------+-------+---------+---------+-------
      Total |     203 |       4 |   1.9 |      51 |       2 |   3.8
            +---------+---------+-------+---------+---------+-------
        D:1 |      32 |       4 |  11.1 |      20 |       2 |   9.1
        D:2 |     114 |       0 |   0.0 |      24 |       0 |   0.0
        D:3 |      57 |       0 |   0.0 |       7 |       0 |   0.0
            +---------+---------+-------+---------+---------+-------
